3167 views
Uploaded 2020-03-30 20:44:53
Game version 1.32.3
13:55 long 4on4 ladder game on (8)TwilightRuins_LV
Saved by Teelo
3167 views
Uploaded 2020-03-30 20:44:53
Game version 1.32.3
13:55 long 4on4 ladder game on (8)TwilightRuins_LV


110 units @ 13.4k
/ 1.4k
88 buildings @ 10.6k
/ 4.5k


| Staff of Preservation | 1 | 150 |
| Lesser Clarity Potion | 4 | 280 |
| Staff of Sanctuary | 1 | 250 |
| total: | 6 | 680g |
| Wisp | 17 | 1020 | / | 0 |
| Archer | 5 | 650 | / | 50 |
| Mountain Giant | 3 | 1050 | / | 300 |
| Goblin Shredder | 1 | 375 | / | 100 |
| total: | 26 | 3095g | / | 450w |
| Altar of Elders | 1 | 180 | / | 50 |
| Moon Well | 6 | 1080 | / | 240 |
| Ancient of War | 1 | 150 | / | 60 |
| Tree of Life | 1 | 340 | / | 185 |
| Hunter's Hall | 1 | 210 | / | 100 |
| Ancient of Wonders | 1 | 90 | / | 30 |
| Ancient of Lore | 4 | 620 | / | 580 |
| Tree of Ages | 2 | 640 | / | 360 |
| Tree of Eternity | 2 | 660 | / | 400 |
| total: | 15 | 2670g | / | 1245w |
| 0:02 | Wisp |
| 0:02 | Wisp |
| 0:16 | Altar of Elders |
| 0:19 | Moon Well |
| 0:30 | Wisp |
| 0:43 | Ancient of War |
| 0:47 | Wisp |
| 0:48 | Wisp |
| 1:04 | Wisp |
| 1:27 | Wisp |
| 1:33 | Moon Well |
| 1:38 | Wisp |
| 1:44 | Archer |
| 1:50 | Wisp |
| 2:01 | Archer |
| 2:19 | Force of Nature |
| 2:26 | Wisp |
| 2:26 | Wisp |
| 2:27 | Wisp |
| 3:07 | Tree of Life |
| 3:12 | Tree of Ages |
| 3:36 | Entangling Roots |
| 4:13 | Hunter's Hall |
| 4:19 | Moon Well |
| 4:29 | Archer |
| 4:29 | Archer |
| 5:10 | Archer |
| 5:21 | Wisp |
| 5:21 | Wisp |
| 5:21 | Wisp |
| 5:21 | Wisp |
| 5:21 | Wisp |
| 5:36 | Goblin Shredder |
| 6:01 | Tree of Eternity |
| 6:25 | Force of Nature |
| 6:49 | Ancient of Lore |
| 6:50 | Ancient of Lore |
| 6:52 | Ancient of Lore |
| 7:10 | Ancient of Lore |
| 7:15 | Moon Well |
| 7:17 | Moon Well |
| 7:22 | Moon Well |
| 7:24 | Ultravision |
| 7:24 | Strength of the Wild |
| 7:25 | Reinforced Hides |
| 8:16 | Ancient of Wonders |
| 8:29 | Well Spring |
| 9:30 | Hardened Skin |
| 9:30 | Resistant Skin |
| 9:31 | Mountain Giant |
| 9:32 | Staff of Preservation |
| 9:33 | Lesser Clarity Potion |
| 9:37 | Trueshot Aura |
| 9:55 | Improved Strength of the Wild |
| 10:23 | Thorns Aura |
| 10:50 | Improved Reinforced Hides |
| 11:47 | Lesser Clarity Potion |
| 11:49 | Staff of Sanctuary |
| 12:17 | Mountain Giant |
| 12:57 | Mountain Giant |
| 13:09 | Searing Arrows |
| 13:19 | Lesser Clarity Potion |
| 13:19 | Lesser Clarity Potion |
| Right click | 761 |
| Assign group | 491 |
| Select group | 404 |
| Select | 178 |
| Build/train/purchase | 69 |
| Misc. action | 53 |
| Use ability | 18 |
| Resource trade | 12 |
| Minimap ping | 7 |
| Esc | 2 |
| Item give/drop | 1 |


| Scroll of Regeneration | 2 | 200 |
| Potion of Healing | 1 | 150 |
| Scroll of Town Portal | 1 | 350 |
| total: | 4 | 700g |
| Peasant | 15 | 1125 | / | 0 |
| Rifleman | 6 | 1230 | / | 180 |
| total: | 21 | 2355g | / | 180w |
| Scout Tower | 6 | 180 | / | 120 |
| Arcane Tower | 1 | 70 | / | 50 |
| Guard Tower | 2 | 140 | / | 100 |
| Altar of Kings | 1 | 180 | / | 50 |
| Farm | 12 | 960 | / | 240 |
| Barracks | 2 | 320 | / | 120 |
| Blacksmith | 1 | 140 | / | 60 |
| Lumber Mill | 1 | 120 | / | 0 |
| Arcane Vault | 2 | 260 | / | 60 |
| Town Hall | 1 | 385 | / | 205 |
| Arcane Sanctum | 2 | 300 | / | 280 |
| Keep | 1 | 320 | / | 210 |
| Castle | 1 | 360 | / | 210 |
| total: | 28 | 2845g | / | 1135w |
| 0:04 | Peasant |
| 0:04 | Peasant |
| 0:05 | Peasant |
| 0:05 | Peasant |
| 0:05 | Peasant |
| 0:06 | Peasant |
| 0:12 | Peasant |
| 0:53 | Altar of Kings |
| 1:09 | Farm |
| 1:22 | Farm |
| 1:28 | Peasant |
| 1:28 | Peasant |
| 1:29 | Peasant |
| 1:40 | Scout Tower |
| 1:57 | Barracks |
| 2:13 | Blacksmith |
| 2:19 | Arcane Tower |
| 2:26 | Barracks |
| 2:39 | Farm |
| 2:52 | Farm |
| 3:00 | Farm |
| 3:00 | Farm |
| 3:08 | Storm Bolt |
| 3:28 | Rifleman |
| 3:55 | Rifleman |
| 4:35 | Peasant |
| 4:35 | Peasant |
| 4:36 | Peasant |
| 4:36 | Peasant |
| 4:37 | Peasant |
| 4:53 | Rifleman |
| 5:25 | Thunder Clap |
| 6:21 | Rifleman |
| 6:23 | Keep |
| 6:34 | Lumber Mill |
| 6:47 | Black Gunpowder |
| 7:47 | Studded Leather Armor |
| 7:52 | Arcane Vault |
| 8:56 | Long Rifles |
| 9:02 | Thunder Clap |
| 9:12 | Town Hall |
| 9:17 | Arcane Vault |
| 9:20 | Scout Tower |
| 9:20 | Scout Tower |
| 9:22 | Scout Tower |
| 9:30 | Castle |
| 9:39 | Farm |
| 9:40 | Farm |
| 9:43 | Arcane Sanctum |
| 9:46 | Arcane Sanctum |
| 9:49 | Farm |
| 9:49 | Farm |
| 9:51 | Farm |
| 9:52 | Farm |
| 10:02 | Scroll of Regeneration |
| 10:41 | Scout Tower |
| 10:42 | Scout Tower |
| 10:52 | Guard Tower |
| 11:34 | Refined Gunpowder |
| 11:34 | Reinforced Leather Armor |
| 11:36 | Improved Lumber Harvesting |
| 11:40 | Guard Tower |
| 11:42 | Priest Adept Training |
| 12:31 | Potion of Healing |
| 12:34 | Scroll of Regeneration |
| 12:36 | Scroll of Town Portal |
| 13:03 | Holy Light |
| 13:13 | Rifleman |
| 13:13 | Rifleman |
| Right click | 281 |
| Select | 106 |
| Select group | 64 |
| Build/train/purchase | 54 |
| Assign group | 14 |
| Use ability | 6 |
| Chat | 4 |
| Misc. action | 3 |
| Item give/drop | 1 |

| Scroll of Regeneration | 2 | 200 |
| Lesser Clarity Potion | 5 | 350 |
| Potion of Mana | 3 | 600 |
| Scroll of Town Portal | 1 | 350 |
| total: | 11 | 1500g |
| Peasant | 12 | 900 | / | 0 |
| Rifleman | 15 | 3075 | / | 450 |
| Mortar Team | 2 | 360 | / | 140 |
| total: | 29 | 4335g | / | 590w |
| Scout Tower | 4 | 120 | / | 80 |
| Arcane Tower | 3 | 210 | / | 150 |
| Guard Tower | 1 | 70 | / | 50 |
| Blacksmith | 2 | 280 | / | 120 |
| Barracks | 1 | 160 | / | 60 |
| Farm | 9 | 720 | / | 180 |
| Altar of Kings | 1 | 180 | / | 50 |
| Arcane Vault | 1 | 130 | / | 30 |
| Lumber Mill | 1 | 120 | / | 0 |
| Town Hall | 1 | 385 | / | 205 |
| Workshop | 2 | 280 | / | 280 |
| Keep | 2 | 640 | / | 420 |
| Castle | 1 | 360 | / | 210 |
| total: | 22 | 2375g | / | 1005w |
| 0:06 | Peasant |
| 0:06 | Peasant |
| 0:29 | Peasant |
| 0:29 | Peasant |
| 0:37 | Blacksmith |
| 0:40 | Barracks |
| 0:42 | Farm |
| 1:19 | Peasant |
| 1:19 | Peasant |
| 1:23 | Altar of Kings |
| 1:49 | Peasant |
| 1:49 | Peasant |
| 1:54 | Farm |
| 1:58 | Rifleman |
| 2:11 | Peasant |
| 2:14 | Farm |
| 2:34 | Farm |
| 2:40 | Scout Tower |
| 2:52 | Rifleman |
| 3:04 | Peasant |
| 3:11 | Arcane Tower |
| 3:36 | Rifleman |
| 3:49 | Holy Light |
| 4:06 | Rifleman |
| 4:08 | Devotion Aura |
| 4:16 | Arcane Vault |
| 4:42 | Scroll of Regeneration |
| 4:45 | Lesser Clarity Potion |
| 5:02 | Scout Tower |
| 5:03 | Farm |
| 5:06 | Lumber Mill |
| 5:22 | Arcane Tower |
| 6:04 | Rifleman |
| 6:11 | Town Hall |
| 6:25 | Holy Light |
| 6:33 | Rifleman |
| 7:05 | Black Gunpowder |
| 7:20 | Rifleman |
| 7:24 | Rifleman |
| 7:33 | Peasant |
| 8:09 | Devotion Aura |
| 8:11 | Keep |
| 8:12 | Rifleman |
| 9:10 | Rifleman |
| 9:12 | Lesser Clarity Potion |
| 9:13 | Scroll of Town Portal |
| 9:14 | Potion of Mana |
| 9:14 | Scroll of Regeneration |
| 9:19 | Studded Leather Armor |
| 9:21 | Scout Tower |
| 9:23 | Farm |
| 9:51 | Rifleman |
| 9:57 | Blacksmith |
| 10:00 | Farm |
| 10:01 | Rifleman |
| 10:29 | Guard Tower |
| 10:30 | Scout Tower |
| 10:32 | Peasant |
| 10:45 | Workshop |
| 10:46 | Long Rifles |
| 10:47 | Refined Gunpowder |
| 11:36 | Workshop |
| 11:48 | Potion of Mana |
| 11:48 | Lesser Clarity Potion |
| 12:01 | Rifleman |
| 12:03 | Mortar Team |
| 12:04 | Farm |
| 12:05 | Castle |
| 12:23 | Potion of Mana |
| 12:24 | Lesser Clarity Potion |
| 12:29 | Rifleman |
| 12:50 | Rifleman |
| 12:51 | Mortar Team |
| 12:57 | Lesser Clarity Potion |
| 13:02 | Farm |
| Right click | 1126 |
| Select group | 418 |
| Select | 226 |
| Misc. action | 137 |
| Build/train/purchase | 76 |
| Assign group | 63 |
| Use ability | 27 |
| Minimap ping | 4 |
| Esc | 3 |
| Item give/drop | 2 |
| Remove unit | 1 |

| Scroll of Regeneration | 2 | 200 |
| Potion of Healing | 2 | 300 |
| Scroll of Town Portal | 1 | 350 |
| total: | 5 | 850g |
| Peasant | 21 | 1575 | / | 0 |
| Footman | 10 | 1350 | / | 0 |
| Knight | 3 | 735 | / | 180 |
| total: | 34 | 3660g | / | 180w |
| Scout Tower | 8 | 240 | / | 160 |
| Guard Tower | 5 | 350 | / | 250 |
| Barracks | 5 | 800 | / | 300 |
| Altar of Kings | 1 | 180 | / | 50 |
| Farm | 4 | 320 | / | 80 |
| Lumber Mill | 1 | 120 | / | 0 |
| Arcane Vault | 1 | 130 | / | 30 |
| Town Hall | 2 | 770 | / | 410 |
| Blacksmith | 1 | 140 | / | 60 |
| Keep | 1 | 320 | / | 210 |
| Castle | 1 | 360 | / | 210 |
| total: | 23 | 2700g | / | 1090w |
| 0:03 | Peasant |
| 0:03 | Peasant |
| 0:13 | Barracks |
| 0:17 | Altar of Kings |
| 0:20 | Farm |
| 0:24 | Peasant |
| 0:37 | Peasant |
| 0:53 | Farm |
| 0:56 | Peasant |
| 1:13 | Peasant |
| 1:16 | Footman |
| 1:31 | Peasant |
| 1:40 | Farm |
| 1:48 | Footman |
| 1:56 | Scout Tower |
| 2:03 | Lumber Mill |
| 2:09 | Peasant |
| 2:19 | Farm |
| 2:25 | Storm Bolt |
| 2:57 | Guard Tower |
| 2:59 | Peasant |
| 2:59 | Peasant |
| 3:00 | Footman |
| 3:20 | Scout Tower |
| 3:47 | Arcane Vault |
| 3:53 | Keep |
| 3:56 | Guard Tower |
| 4:03 | Footman |
| 5:22 | Town Hall |
| 5:24 | Scout Tower |
| 5:25 | Scout Tower |
| 5:28 | Scout Tower |
| 5:30 | Scout Tower |
| 5:41 | Bash |
| 5:55 | Guard Tower |
| 5:56 | Guard Tower |
| 6:14 | Footman |
| 6:14 | Footman |
| 6:29 | Scroll of Regeneration |
| 6:54 | Peasant |
| 6:54 | Peasant |
| 7:12 | Peasant |
| 7:12 | Peasant |
| 7:25 | Footman |
| 7:25 | Footman |
| 7:39 | Storm Bolt |
| 7:46 | Scout Tower |
| 7:47 | Scout Tower |
| 7:50 | Blacksmith |
| 7:55 | Castle |
| 8:23 | Improved Lumber Harvesting |
| 8:27 | Barracks |
| 8:47 | Guard Tower |
| 8:54 | Footman |
| 8:54 | Footman |
| 9:04 | Barracks |
| 9:10 | Barracks |
| 9:20 | Town Hall |
| 11:00 | Barracks |
| 11:02 | Knight |
| 11:03 | Knight |
| 11:06 | Iron Forged Swords |
| 11:31 | Peasant |
| 11:31 | Peasant |
| 11:31 | Peasant |
| 11:55 | Scroll of Town Portal |
| 11:55 | Scroll of Regeneration |
| 12:37 | Potion of Healing |
| 12:54 | Bash |
| 12:55 | Bash |
| 13:05 | Potion of Healing |
| 13:15 | Knight |
| 13:20 | Peasant |
| 13:21 | Peasant |
| 13:21 | Peasant |
| 13:21 | Peasant |
| Right click | 639 |
| Select | 155 |
| Build/train/purchase | 67 |
| Select group | 64 |
| Assign group | 19 |
| Use ability | 15 |
| Minimap ping | 3 |
| Misc. action | 1 |
| Item give/drop | 1 |
146 units @ 16.5k
/ 2k
67 buildings @ 10.5k
/ 4.4k


| Wisp | 15 | 900 | / | 0 |
| Archer | 10 | 1300 | / | 100 |
| Dryad | 7 | 1015 | / | 420 |
| Huntress | 5 | 975 | / | 100 |
| total: | 37 | 4190g | / | 620w |
| Altar of Elders | 3 | 540 | / | 150 |
| Moon Well | 6 | 1080 | / | 240 |
| Ancient of War | 1 | 150 | / | 60 |
| Ancient of Wonders | 1 | 90 | / | 30 |
| Hunter's Hall | 1 | 210 | / | 100 |
| Tree of Life | 1 | 340 | / | 185 |
| Ancient of Lore | 1 | 155 | / | 145 |
| Tree of Ages | 1 | 320 | / | 180 |
| Tree of Eternity | 1 | 330 | / | 200 |
| total: | 14 | 2565g | / | 910w |
| 0:03 | Wisp |
| 0:04 | Wisp |
| 0:06 | Altar of Elders |
| 0:07 | Altar of Elders |
| 0:10 | Altar of Elders |
| 0:11 | Moon Well |
| 0:23 | Wisp |
| 0:23 | Wisp |
| 0:47 | Ancient of War |
| 1:04 | Wisp |
| 1:04 | Wisp |
| 1:12 | Wisp |
| 1:31 | Moon Well |
| 1:53 | Archer |
| 1:55 | Wisp |
| 1:58 | Moon Well |
| 2:03 | Ancient of Wonders |
| 2:07 | Wisp |
| 2:28 | Archer |
| 2:32 | Mana Burn |
| 2:43 | Wisp |
| 2:43 | Wisp |
| 2:52 | Archer |
| 3:13 | Tree of Ages |
| 3:34 | Archer |
| 4:01 | Evasion |
| 4:07 | Archer |
| 4:41 | Archer |
| 4:51 | Moon Well |
| 5:37 | Archer |
| 5:37 | Archer |
| 5:47 | Mana Burn |
| 6:08 | Hunter's Hall |
| 6:16 | Improved Bows |
| 6:35 | Trueshot Aura |
| 6:42 | Moon Well |
| 6:58 | Archer |
| 7:18 | Tree of Life |
| 7:35 | Strength of the Moon |
| 7:43 | Archer |
| 7:52 | Ancient of Lore |
| 7:54 | Wisp |
| 7:54 | Wisp |
| 9:13 | Searing Arrows |
| 9:52 | Tree of Eternity |
| 9:53 | Dryad |
| 9:53 | Dryad |
| 9:53 | Dryad |
| 9:54 | Dryad |
| 10:02 | Moon Glaive |
| 10:02 | Huntress |
| 10:02 | Huntress |
| 10:03 | Huntress |
| 10:11 | Wisp |
| 10:11 | Wisp |
| 11:36 | Evasion |
| 12:31 | Dryad |
| 12:31 | Dryad |
| 12:31 | Dryad |
| 12:37 | Moon Well |
| 13:31 | Trueshot Aura |
| 13:37 | Huntress |
| 13:37 | Huntress |
| 13:38 | Marksmanship |
| Right click | 543 |
| Chat | 390 |
| Select group | 206 |
| Select | 168 |
| Misc. action | 80 |
| Build/train/purchase | 57 |
| Use ability | 35 |
| Assign group | 23 |
| Minimap ping | 1 |


| Scroll of Regeneration | 1 | 100 |
| Potion of Healing | 1 | 150 |
| Lesser Clarity Potion | 1 | 70 |
| Circlet of Nobility | 1 | 175 |
| total: | 4 | 495g |
| Peasant | 8 | 600 | / | 0 |
| Footman | 5 | 675 | / | 0 |
| Rifleman | 1 | 205 | / | 30 |
| Priest | 4 | 540 | / | 40 |
| Spell Breaker | 1 | 215 | / | 30 |
| Knight | 3 | 735 | / | 180 |
| Gryphon Rider | 3 | 840 | / | 210 |
| total: | 25 | 3810g | / | 490w |
| Scout Tower | 1 | 30 | / | 20 |
| Altar of Kings | 1 | 180 | / | 50 |
| Farm | 12 | 960 | / | 240 |
| Barracks | 1 | 160 | / | 60 |
| Arcane Vault | 1 | 130 | / | 30 |
| Lumber Mill | 1 | 120 | / | 0 |
| Blacksmith | 1 | 140 | / | 60 |
| Arcane Sanctum | 2 | 300 | / | 280 |
| Workshop | 1 | 140 | / | 140 |
| Gryphon Aviary | 1 | 140 | / | 150 |
| Keep | 1 | 320 | / | 210 |
| Castle | 1 | 360 | / | 210 |
| total: | 22 | 2300g | / | 1030w |
| 0:04 | Peasant |
| 0:04 | Peasant |
| 0:21 | Altar of Kings |
| 0:24 | Peasant |
| 0:37 | Farm |
| 0:38 | Peasant |
| 0:51 | Barracks |
| 1:03 | Peasant |
| 1:04 | Peasant |
| 1:05 | Peasant |
| 1:13 | Farm |
| 1:33 | Peasant |
| 1:53 | Footman |
| 1:54 | Farm |
| 2:08 | Arcane Vault |
| 2:11 | Footman |
| 2:11 | Footman |
| 2:28 | Storm Bolt |
| 2:39 | Footman |
| 3:06 | Keep |
| 3:27 | Farm |
| 3:48 | Footman |
| 3:54 | Lumber Mill |
| 3:57 | Blacksmith |
| 4:06 | Scroll of Regeneration |
| 4:41 | Bash |
| 5:03 | Farm |
| 5:08 | Scout Tower |
| 5:44 | Arcane Sanctum |
| 5:47 | Arcane Sanctum |
| 6:01 | Storm Bolt |
| 6:08 | Circlet of Nobility |
| 6:22 | Castle |
| 6:27 | Workshop |
| 6:35 | Rifleman |
| 6:38 | Holy Light |
| 7:05 | Priest |
| 7:42 | Gryphon Aviary |
| 8:12 | Priest |
| 8:13 | Spell Breaker |
| 8:14 | Farm |
| 8:15 | Farm |
| 8:16 | Farm |
| 8:40 | Potion of Healing |
| 8:40 | Lesser Clarity Potion |
| 8:51 | Knight |
| 8:55 | Farm |
| 8:56 | Farm |
| 8:57 | Farm |
| 8:57 | Farm |
| 9:06 | Barrage |
| 9:21 | Devotion Aura |
| 9:45 | Gryphon Rider |
| 10:23 | Gryphon Rider |
| 10:27 | Priest |
| 10:28 | Priest Adept Training |
| 10:52 | Animal War Training |
| 12:17 | Bash |
| 12:31 | Holy Light |
| 12:48 | Knight |
| 13:43 | Knight |
| 13:47 | Priest |
| 13:49 | Gryphon Rider |
| Right click | 428 |
| Select group | 295 |
| Select | 258 |
| Chat | 61 |
| Build/train/purchase | 53 |
| Misc. action | 51 |
| Use ability | 29 |
| Assign group | 24 |
| Item give/drop | 3 |
| Remove unit | 1 |
| Minimap ping | 1 |


| Lesser Clarity Potion | 2 | 140 |
| Potion of Healing | 1 | 150 |
| Scroll of Town Portal | 2 | 700 |
| total: | 5 | 990g |
| Wisp | 24 | 1440 | / | 0 |
| Archer | 19 | 2470 | / | 190 |
| Druid of the Talon | 3 | 435 | / | 60 |
| Dryad | 2 | 290 | / | 120 |
| total: | 48 | 4635g | / | 370w |
| Altar of Elders | 1 | 180 | / | 50 |
| Moon Well | 4 | 720 | / | 160 |
| Ancient of War | 3 | 450 | / | 180 |
| Hunter's Hall | 1 | 210 | / | 100 |
| Ancient of Wonders | 1 | 90 | / | 30 |
| Tree of Life | 1 | 340 | / | 185 |
| Ancient of Wind | 1 | 150 | / | 140 |
| Ancient of Lore | 2 | 310 | / | 290 |
| Tree of Ages | 1 | 320 | / | 180 |
| Tree of Eternity | 2 | 660 | / | 400 |
| total: | 14 | 2450g | / | 1135w |
| 0:13 | Wisp |
| 0:13 | Wisp |
| 0:18 | Altar of Elders |
| 0:28 | Moon Well |
| 0:30 | Wisp |
| 0:31 | Wisp |
| 0:31 | Wisp |
| 0:51 | Ancient of War |
| 0:56 | Wisp |
| 0:56 | Wisp |
| 1:12 | Wisp |
| 1:32 | Wisp |
| 1:44 | Moon Well |
| 1:52 | Archer |
| 2:09 | Archer |
| 2:23 | Ancient of War |
| 2:26 | Searing Arrows |
| 2:32 | Wisp |
| 2:36 | Archer |
| 2:50 | Archer |
| 2:52 | Wisp |
| 2:54 | Wisp |
| 3:05 | Archer |
| 3:20 | Moon Well |
| 3:41 | Wisp |
| 3:42 | Archer |
| 4:12 | Trueshot Aura |
| 4:34 | Archer |
| 4:35 | Tree of Ages |
| 4:54 | Archer |
| 4:55 | Archer |
| 5:13 | Hunter's Hall |
| 5:24 | Moon Well |
| 5:37 | Ancient of Wonders |
| 5:50 | Archer |
| 6:11 | Searing Arrows |
| 6:21 | Tree of Life |
| 6:57 | Improved Bows |
| 7:36 | Archer |
| 7:39 | Wisp |
| 7:39 | Wisp |
| 7:40 | Wisp |
| 7:47 | Strength of the Moon |
| 7:56 | Lesser Clarity Potion |
| 8:08 | Archer |
| 8:26 | Frost Arrows |
| 9:09 | Ancient of Wind |
| 9:12 | Scroll of Town Portal |
| 9:13 | Lesser Clarity Potion |
| 9:20 | Wisp |
| 9:26 | Wisp |
| 9:35 | Wisp |
| 9:56 | Archer |
| 10:14 | Archer |
| 10:40 | Potion of Healing |
| 10:59 | Archer |
| 11:03 | Ancient of Lore |
| 11:04 | Ancient of War |
| 11:05 | Wisp |
| 11:05 | Wisp |
| 11:06 | Wisp |
| 11:24 | Druid of the Talon |
| 11:26 | Wisp |
| 11:26 | Wisp |
| 11:33 | Archer |
| 11:38 | Ancient of Lore |
| 11:50 | Scroll of Town Portal |
| 12:07 | Tree of Eternity |
| 12:14 | Trueshot Aura |
| 12:47 | Archer |
| 13:00 | Archer |
| 13:24 | Dryad |
| 13:25 | Dryad |
| 13:27 | Druid of the Talon |
| 13:27 | Druid of the Talon |
| 13:33 | Archer |
| Right click | 622 |
| Select | 239 |
| Select group | 211 |
| Build/train/purchase | 79 |
| Assign group | 34 |
| Misc. action | 27 |
| Chat | 10 |
| Use ability | 4 |
| Item give/drop | 3 |
| Esc | 2 |
| Minimap ping | 2 |

| Lesser Clarity Potion | 2 | 140 |
| Orb of Venom | 1 | 325 |
| Scroll of Town Portal | 1 | 350 |
| total: | 4 | 815g |
| Wisp | 25 | 1500 | / | 0 |
| Archer | 4 | 520 | / | 40 |
| Druid of the Claw | 6 | 1530 | / | 480 |
| Giant Sea Turtle | 1 | 295 | / | 35 |
| total: | 36 | 3845g | / | 555w |
| Ancient Protector | 2 | 270 | / | 160 |
| Altar of Elders | 1 | 180 | / | 50 |
| Moon Well | 7 | 1260 | / | 280 |
| Ancient of War | 1 | 150 | / | 60 |
| Ancient of Wonders | 1 | 90 | / | 30 |
| Hunter's Hall | 1 | 210 | / | 100 |
| Tree of Life | 2 | 680 | / | 370 |
| Ancient of Lore | 2 | 310 | / | 290 |
| Tree of Ages | 1 | 320 | / | 180 |
| Tree of Eternity | 1 | 330 | / | 200 |
| total: | 17 | 3150g | / | 1340w |
| 0:01 | Wisp |
| 0:02 | Wisp |
| 0:02 | Wisp |
| 0:19 | Altar of Elders |
| 0:34 | Moon Well |
| 0:37 | Wisp |
| 0:37 | Wisp |
| 0:51 | Ancient of War |
| 0:57 | Wisp |
| 1:15 | Wisp |
| 1:15 | Wisp |
| 1:43 | Moon Well |
| 1:46 | Wisp |
| 1:46 | Wisp |
| 1:55 | Ancient of Wonders |
| 1:57 | Archer |
| 2:04 | Moon Well |
| 2:23 | Entangling Roots |
| 2:38 | Archer |
| 2:38 | Archer |
| 2:40 | Wisp |
| 2:40 | Wisp |
| 3:24 | Archer |
| 3:26 | Tree of Ages |
| 3:57 | Hunter's Hall |
| 4:03 | Thorns Aura |
| 4:10 | Lesser Clarity Potion |
| 4:10 | Lesser Clarity Potion |
| 4:38 | Moon Well |
| 5:13 | Strength of the Wild |
| 5:14 | Reinforced Hides |
| 5:52 | Tree of Eternity |
| 6:25 | Ancient of Lore |
| 6:26 | Ancient of Lore |
| 6:55 | Improved Bows |
| 6:57 | Improved Strength of the Wild |
| 7:06 | Entangling Roots |
| 7:10 | Tree of Life |
| 7:12 | Ancient Protector |
| 7:24 | Ancient Protector |
| 8:03 | Druid of the Claw Adept Training |
| 8:29 | Druid of the Claw Master Training |
| 8:31 | Wisp |
| 8:32 | Wisp |
| 8:32 | Wisp |
| 8:32 | Wisp |
| 8:32 | Wisp |
| 8:39 | Scroll of Town Portal |
| 8:39 | Orb of Venom |
| 9:18 | Wisp |
| 9:18 | Wisp |
| 9:21 | Tree of Life |
| 9:54 | Druid of the Claw |
| 10:04 | Druid of the Claw |
| 10:34 | Giant Sea Turtle |
| 10:59 | Druid of the Claw |
| 11:12 | Mark of the Claw |
| 11:44 | Druid of the Claw |
| 11:47 | Wisp |
| 11:47 | Wisp |
| 11:47 | Wisp |
| 11:47 | Wisp |
| 12:00 | Wisp |
| 12:00 | Wisp |
| 12:45 | Druid of the Claw |
| 13:06 | Thorns Aura |
| 13:43 | Entangling Roots |
| 13:47 | Druid of the Claw |
| 13:49 | Moon Well |
| 13:50 | Moon Well |
| 13:50 | Moon Well |
| Chat | 436 |
| Select group | 297 |
| Right click | 235 |
| Select | 95 |
| Assign group | 88 |
| Build/train/purchase | 70 |
| Misc. action | 67 |
| Use ability | 31 |
| Item give/drop | 3 |
| Remove unit | 1 |
⇛